 Dungeon Crawl Stone Soup version 0.18.1-50-g88ac8fd (webtiles) character file.

26 Moofe the Sneak (level 3, 0/23 HPs)
             Began as an Octopode Wizard on Oct 20, 2016.
             Succumbed to an adder's poison
             ... on level 2 of the Dungeon.
             The game lasted 00:05:23 (1119 turns).

Moofe the Sneak (Octopode Wizard)                   Turns: 1119, Time: 00:05:23

Health: 0/23       AC:  1    Str:  6    XL:     3   Next: 8%
Magic:  7/7        EV: 12    Int: 20    God:
Gold:   55         SH:  0    Dex: 11    Spells: 4 memorised, 1 level left

rFire  . . .     SeeInvis .     g - +0 dagger
rCold  . . .     Gourm    .     (no shield)
rNeg   . . .     Faith    .     a - +0 hat
rPois  .         Spirit   .     (no amulet)
rElec  .         Dismiss  .     (no ring)
rCorr  .         Reflect  .     (no ring)
SustAt .         Harm     .     (no ring)
MR     .....                    (no ring)
Stlth  +++.......               (no ring)
                                (no ring)
                                (no ring)
                                (no ring)

@: lethally poisoned (0 -> -17), repel missiles, not resistant to hostile
enchantments, fairly stealthy
A: almost no armour, amphibious, 8 rings, constrict 8, camouflage 1, gelatinous
body 1
a: no special abilities


You were on level 2 of the Dungeon.
You were hungry.

You visited 1 branch of the dungeon, and saw 2 of its levels.

You collected 55 gold pieces.

Inventory:

Hand Weapons
 g - a +0 dagger (weapon)
Armour
 a - a +0 hat (worn)
Scrolls
 d - a scroll of fear
 h - a scroll of magic mapping
Books
 b - a book of Minor Magic

   Spells                             Type                      Level
   a - Magic Dart                     Conjuration                  1
   b - Blink                          Translocation                2
   c - Call Imp                       Summoning                    2
   d - Repel Missiles                 Charms/Air                   2
   e - Slow                           Hexes                        2
   f - Conjure Flame                  Conjuration/Fire             3
   g - Mephitic Cloud                 Conjuration/Poison/Air       3
Comestibles
 c - a bread ration
 j - 2 meat rations


   Skills:
 * Level 1.6 Fighting
 + Level 0.0 Short Blades
 + Level 2.0 Dodging
 * Level 3.3 Stealth
 * Level 3.0 Spellcasting
 + Level 1.4 Conjurations
 - Level 1.0 Summonings
 - Level 1.0 Translocations


You had one spell level left.
You knew the following spells:

 Your Spells              Type           Power        Failure   Level  Hunger
a - Magic Dart            Conj           #...         10%         1    None
b - Blink                 Tloc           N/A          17%         2    ##.....
c - Repel Missiles        Chrm/Air       #.....       24%         2    ##.....
d - Call Imp              Summ           #.......     17%         2    ##.....


Dungeon Overview and Level Annotations

Branches:
Dungeon (2/15)

Altars:


Innate Abilities, Weirdness & Mutations

You cannot wear most types of armour.
You are amphibious.
You can wear up to eight rings at the same time.
You can use your tentacles to constrict eight enemies at once.
Your skin changes colour to match your surroundings (Stealth).
Your rubbery body absorbs attacks (AC +1).


Message History

You feel sick. The bat hits you but does no damage.
The adder closely misses you. The adder misses you.
You hit the adder. Your grab misses the adder.
The adder is moderately wounded.
* * * LOW HITPOINT WARNING * * *
You feel sick.
The bat misses you. x2; The adder bites you.
* * * LOW HITPOINT WARNING * * *
You hit the adder. Your grab misses the adder.
The adder is heavily wounded.
The bat hits you but does no damage. The adder bites you.
* * * LOW HITPOINT WARNING * * *
You are more poisoned.
The adder poisons you! The bat hits you.
* * * LOW HITPOINT WARNING * * *
You aren't carrying any potions.
Unknown command.
You closely miss the adder. You grab the adder.
The adder is heavily wounded.
You constrict the adder.
You die...

#...........
####....#####
.........#####
####........w#
.........##.#
..........##.#
....#.....##)#####..
#####...#
#....@Sw.....#
#............#
#.....<......#
#..............#
######.......###
#.......# #.......#
#.......#


You could see a worm, an adder and a bat.

Vanquished Creatures
  A giant gecko (D:1)
  A giant cockroach (D:1)
  3 hobgoblins (D:1)
  5 bats (D:1)
  5 goblins
  4 kobolds
  5 rats (D:1)
24 creatures vanquished.

Vanquished Creatures (collateral kills)
  A kobold (D:2)
  A giant newt (D:2)
  A rat (D:2)
3 creatures vanquished.

Grand Total: 27 creatures vanquished

Notes
Turn   | Place    | Note
--------------------------------------------------------------
     0 | D:1      | Moofe the Octopode Wizard began the quest for the Orb.
     0 | D:1      | Reached XP level 1. HP: 11/11 MP: 4/4
   194 | D:1      | Reached skill level 1 in Fighting
   269 | D:1      | Reached XP level 2. HP: 18/18 MP: 6/6
   855 | D:1      | Learned a level 2 spell: Blink
   858 | D:1      | Learned a level 2 spell: Repel Missiles
   861 | D:1      | Learned a level 2 spell: Call Imp
   879 | D:2      | Reached XP level 3. HP: 12/23 MP: 3/7
  1118 | D:2      | HP: 1/23 [bat (1)]
  1119 | D:2      | Succumbed to an adder's poison

Skill      XL: |  1  2 |
---------------+-------+-----
Fighting       | 1 |  1.6
Stealth        | 3 |  3.3
Dodging        | |  2.0
Spellcasting   | |  3.0
Conjurations   | |  1.4
Summonings     | |  1.0
Translocations | |  1.0

Action                   || total
-------------------------++-------
Melee: Unarmed           ||     7
       Dagger            ||    43
       Constrict         ||    14
       Tentacles         ||     6
 Cast: Magic Dart        ||    26
       Call Imp          ||     2
       Repel Missiles    ||     1
  Use: Scroll            ||     3
       Potion            ||     3
 Stab: Sleeping          ||     4
Armor: Skin              ||     4
Dodge: Dodged            ||    32
